 Dungeon Crawl Stone Soup version 0.22-b1-21-g5cfc1688f2 (webtiles) character file.

182 Morrissey the Shield-Bearer (level 5, 0/33 HPs)
             Began as a Gargoyle Fighter on Aug 5, 2018.
             Slain by drksl's ghost (5 damage)
             ... on level 3 of the Dungeon.
             The game lasted 00:03:09 (2328 turns).

Morrissey the Shield-Bearer (Gargoyle Fighter)      Turns: 2328, Time: 00:03:09

Health: 0/33       AC: 13    Str: 30    XL:     5   Next: 61%
Magic:  14/14      EV:  8    Int:  8    God:
Gold:   180        SH: 11    Dex: 13    Spells: 4/4 levels left

rFire    . . .     SeeInvis .   a - +0 flail
rCold    . . .     Gourm    .   c - +0 shield
rNeg     + . .     Faith    .   b - +0 scale mail
rPois    ∞         Spirit   .   p - +1 helmet of Wyif {*Contam rPois Str+5 Dex+3}
rElec    +         Reflect  .   (no cloak)
rCorr    .         Harm     .   (no gloves)
MR       .....                  (no boots)
Stlth    ..........             (no amulet)
HPRegen  0.11/turn              n - ring of magical power
MPRegen  0.14/turn              (no ring)

@: mighty
A: negative energy resistance 1, electricity resistance, unbreathing,
petrification resistance, rot immunity, AC +4
a: no special abilities


You were on level 3 of the Dungeon.
You were not hungry.

You visited 1 branch of the dungeon, and saw 3 of its levels.

You collected 180 gold pieces.

Inventory:

Hand Weapons
 a - a +0 flail (weapon)
Armour
 b - a +0 scale mail (worn)
 c - a +0 shield (worn)
 p - the +1 helmet of Wyif (worn) {*Contam rPois Str+5 Dex+3}
   (You took it off Robin on level 3 of the Dungeon)

   It affects your strength (+5).
   It affects your dexterity (+3).
   It protects you from poison.
   It causes magical contamination when unequipped.
Jewellery
 n - a ring of magical power (left hand)
Scrolls
 e - 5 scrolls of remove curse {unknown}
 h - 2 scrolls of random uselessness {unknown}
 j - a scroll of teleportation {unknown}
 k - a scroll of identify {unknown}
 m - 2 scrolls of amnesia {unknown}
Potions
 g - a potion of curing {unknown}
 i - a potion of haste {unknown}
 l - 2 potions of ambrosia {unknown}
Comestibles
 f - 3 rations
 o - 4 chunks of flesh


   Skills:
 + Level 3.9 Fighting
 * Level 4.1 Maces & Flails
 + Level 3.5 Armour
 + Level 0.7 Dodging
 + Level 4.4 Shields


You had 4 spell levels left.
You didn't know any spells.
Your spell library was empty.

Dungeon Overview and Level Annotations

Branches:
Dungeon (3/15)

Altars:
Qazlal

Annotations:
D:3 drksl's ghost, amateur GnSk


Innate Abilities, Weirdness & Mutations

You are resistant to torment.
Your stone body is resilient. (AC +4)
You are immune to poison.
You resist negative energy. (rN+)
You are resistant to electric shocks. (rElec)
You can survive without breathing.
You are immune to petrification.
You are immune to rotting.


Message History

You block drksl's ghost's attack. Drksl's ghost hits you.
* * * LOW HITPOINT WARNING * * *
Drksl's ghost burns you.
* * * LOW HITPOINT WARNING * * *
You closely miss drksl's ghost.
Drksl's ghost is heavily damaged.
Drksl's ghost barely misses you.
You closely miss drksl's ghost.
Drksl's ghost is heavily damaged.
Drksl's ghost hits you.
* * * LOW HITPOINT WARNING * * *
Drksl's ghost burns you.
* * * LOW HITPOINT WARNING * * *
You barely miss drksl's ghost.
Drksl's ghost is heavily damaged.
Drksl's ghost closely misses you.
You bludgeon drksl's ghost!!
Drksl's ghost is severely damaged.
You block drksl's ghost's attack. Drksl's ghost hits you.
You die...

#.#..#...#######
..#
##.#............#
.#
#..#...#.######.#
.#
####.##...#........
..........#########
....#...........
#######..########
≈$≈≈≈≈W.## ######@#
...............
....########### ...
.. #


You could see drksl's ghost.

Vanquished Creatures
  A bullfrog (D:3)
  Robin (D:3)
  5 adders
  A worm (D:2)
  3 dart slugs (D:1)
  11 goblins
  6 hobgoblins
  4 jackals (D:1)
  6 bats
  3 frilled lizards
  7 kobolds
  10 rats
58 creatures vanquished.

Notes
Turn   | Place    | Note
-------+----------+-------------------------------------------
     0 | D:1      | Morrissey the Gargoyle Fighter began the quest for the Orb.
     0 | D:1      | Reached XP level 1. HP: 14/14 MP: 1/1
    90 | D:1      | Reached XP level 2. HP: 10/19 MP: 2/2
   564 | D:1      | Reached XP level 3. HP: 21/23 MP: 3/3
  1524 | D:2      | Found a stormy altar of Qazlal.
  1783 | D:2      | Reached XP level 4. HP: 29/29 MP: 4/4
  2017 | D:3      | Noticed Robin
  2204 | D:3      | Killed Robin
  2242 | D:3      | Got a brightly glowing helmet
  2248 | D:3      | Identified the +1 helmet of Wyif {*Contam rPois Str+5 Dex+3} (You took it off Robin on level 3 of the Dungeon)
  2268 | D:3      | Noticed a dagger
  2269 | D:3      | Noticed a dagger
  2281 | D:3      | Found a runed door.
  2281 | D:3      | Noticed a bullfrog
  2288 | D:3      | Noticed drksl's ghost (amateur GnSk)
  2304 | D:3      | Killed a bullfrog
  2304 | D:3      | Reached XP level 5. HP: 29/33 MP: 5/5
  2328 | D:3      | Slain by drksl's ghost

Skill      XL: |  1  2  3  4 |
---------------+-------------+-----
Maces & Flails | 3 4 |  4.1
Shields        | 4 |  4.4
Fighting       | |  3.9
Armour         | |  3.5
Dodging        | |  0.7

Action                   |  1- 3 |  4- 6 || total
-------------------------+-------+-------++-------
Melee: Flail             |   201 |    79 ||   280
  Use: Potion            |       |     1 ||     1
  Eat: Chunk             |     2 |     3 ||     5
Armor: Scale mail        |   139 |    54 ||   193
Dodge: Dodged            |    94 |    36 ||   130
Block: Shield            |   125 |    65 ||   190
